 Dungeon Sprint DCSS version 0.21.1-1-g345015f (webtiles) character file.

1014 raistware the Unseen (level 8, -9/37 HPs)
             Began as a Spriggan Assassin on Apr 15, 2018.
             Was an Initiate of Dithmenos.
             Mangled by a deep troll (17 damage)
             ... in the Dungeon (Sprint I: "Red Sonja").
             The game lasted 00:04:41 (144 turns).

raistware the Unseen (Spriggan Assassin)             Turns: 144, Time: 00:04:42

Health: -9/37      AC:  3    Str:  7    XL:     8   Next: 1%
Magic:  9/9        EV: 18    Int: 13    God:    Dithmenos [......]
Gold:   249        SH:  0    Dex: 19    Spells: 7/7 levels left

rFire    . . .     SeeInvis +   r - +1 dagger (venom)
rCold    . . .     Gourm    .   (shield restricted)
rNeg     . . .     Faith    .   c - +0 robe
rPois    .         Spirit   .   (helmet restricted)
rElec    .         Reflect  .   d - +0 cloak
rCorr    .         Harm     .   (gloves unavailable)
MR       +....     NoTele   +   (boots unavailable)
Stlth    ++++++++..             (no amulet)
HPRegen  0.12/turn              (no ring)
MPRegen  0.11/turn              (no ring)

@: very quick
A: very small, unfitting armour, see invisible, herbivore, speed 3, slow
metabolism 2
a: Renounce Religion


You were in the Dungeon.
You worshipped Dithmenos.
Dithmenos was noncommittal.
You were not hungry.

You visited 1 branch You collected 405 gold pieces.
You spent 156 gold pieces at shops.

Inventory:

Hand Weapons
 a - a +2 dagger
 b - a +0 blowgun
 p - a +0 blowgun
 r - a +1 dagger of venom (weapon)
Missiles
 e - 8 poisoned needles
 f - 5 curare-tipped needles (quivered)
Armour
 c - a +0 robe (worn)
 d - a +0 cloak (worn)
Scrolls
 m - a scroll of blinking
 o - a scroll of identify
 q - a scroll of enchant armour
Potions
 h - a potion of curing
 i - a potion of heal wounds
 j - a potion of haste
 k - 2 potions of magic
 l - a potion of berserk rage
 n - a potion of ambrosia {unknown}
Comestibles
 g - 3 rations


   Skills:
 - Level 1.5 Fighting
 - Level 11.2 Short Blades
 - Level 2.0 Throwing
 + Level 2.8 Dodging
 + Level 20.3 Stealth


You had 7 spell levels left.
You didn't know any spells.

Dungeon Overview and Level Annotations

Branches:
Dungeon (1/1)

Altars:
Cheibriados
Dithmenos
Elyvilon
Fedhas
Gozag
Hepliaklqana
Kikubaaqudgha
Nemelex Xobeh
Okawaru
Qazlal
Ru
Sif Muna
Trog
Uskayaw
Vehumet
Wu Jian
Yredelemnul
Zin
The Shining One

Shops:
D ?


Innate Abilities, Weirdness & Mutations

You are very small and have problems with some larger weapons.
You are too small for most types of armour.
You have supernaturally acute eyesight. (SInv)
You are a herbivore.
You cover ground extremely quickly.
You need consume almost no food.


Message History

You toss away a curare-tipped needle.
The curare-tipped needle hits the deep troll.
There is an open door here.
Tossing away (i - inventory):
f - 7 curare-tipped needles (quivered)
Press: ? - help, Shift-Dir - straight line, f/p - deep troll
Aim: a deep troll You toss away a curare-tipped needle.
The curare-tipped needle hits the deep troll.
The deep troll bites you!!
Ouch! That really hurt!
The deep troll claws you!
* * * LOW HITPOINT WARNING * * *
The deep troll closely misses you.
Tossing away (i - inventory):
f - 6 curare-tipped needles (quivered)
Press: ? - help, Shift-Dir - straight line, f/p - deep troll
Aim: a deep troll You toss away a curare-tipped needle.
The curare-tipped needle barely misses the deep troll.
The deep troll bites you!
You die...

################***************
#<.#.['..#.)'..#__*,,+,,,*,,*,,
#..'..#.)'..#..+,,+,,*,,,**+*,*
#..#####'#####'#__****,,,+,,*,*
#..####..#...#.#***,,*****,,+,*
#..#__####..##[#≈≈≈,,*,,**+****
#..#_____##'#_@+≈≈≈,,+,,*,,,,,*
#⌠⌠#_.∩..†'..T_#≈≈≈,,*,,*,,,,,+
####_..__##_(#'#*+*****+***,,,*
*,,#_____###'#.#,,,,***,+,*,,,*
***#########(####+###,***,*,,**
*∩,,,,,,,,+...'$(.$$+,∩**,*,,**
***++++***#...#######****,**+*,
*,,,,,,,**##.##*,,,,,,,**,**,*,
*,,,,,,,,*,#+#,*,,,,,,,,+,****,


You could see a deep troll.

Vanquished Creatures
  Sonja (D)
  Sigmund (D)
  A yak (D)
  An ogre (D)
  A jelly (D)
  Ijyb (D)
6 creatures vanquished.

Notes
Turn   | Place    | Note
-------+----------+-------------------------------------------
     0 | D        | raistware the Spriggan Assassin began the quest for the Orb.
     0 | D        | Reached XP level 1. HP: 10/10 MP: 2/2
     2 | D        | Noticed Ijyb
     4 | D        | Killed Ijyb
     4 | D        | Reached XP level 2. HP: 14/14 MP: 3/3
     6 | D        | Noticed an ogre
     9 | D        | Killed an ogre
     9 | D        | Reached skill level 10 in Short Blades
     9 | D        | Reached XP level 3. HP: 18/18 MP: 4/4
     9 | D        | Reached XP level 4. HP: 22/22 MP: 5/5
    11 | D        | Noticed Sigmund
    14 | D        | Killed Sigmund
    14 | D        | Reached skill level 12 in Stealth
    14 | D        | Reached XP level 5. HP: 25/25 MP: 6/6
    14 | D        | Reached XP level 6. HP: 30/30 MP: 7/7
    37 | D        | Found an ornate altar of the Wu Jian Council.
    37 | D        | Found a deep blue altar of Sif Muna.
    39 | D        | Found a radiant altar of Vehumet.
    43 | D        | Reached skill level 13 in Stealth
    75 | D        | Found Zojoawo's Magic Scroll Emporium.
    75 | D        | Found an ancient bone altar of Kikubaaqudgha.
    75 | D        | Found a hazy altar of Hepliaklqana.
    75 | D        | Found a stormy altar of Qazlal.
    75 | D        | Found a hide-covered altar of Uskayaw.
    75 | D        | Found a blossoming altar of Fedhas.
    75 | D        | Found a bloodstained altar of Trog.
    75 | D        | Found an iron altar of Okawaru.
    75 | D        | Found a basalt altar of Yredelemnul.
    75 | D        | Found a glowing golden altar of the Shining One.
    75 | D        | Found a snail-covered altar of Cheibriados.
    75 | D        | Found a sacrificial altar of Ru.
    75 | D        | Found a glowing silver altar of Zin.
    75 | D        | Found a shadowy altar of Dithmenos.
    75 | D        | Found a white marble altar of Elyvilon.
    75 | D        | Noticed a yak
    76 | D        | Found an opulent altar of Gozag.
    77 | D        | Killed a yak
    77 | D        | Reached skill level 15 in Stealth
    78 | D        | Found a sparkling altar of Nemelex Xobeh.
   103 | D        | Became a worshipper of Dithmenos the Shadowed
   107 | D        | Bought a scroll of identify for 24 gold pieces
   107 | D        | Bought a scroll of magic mapping for 42 gold pieces
   107 | D        | Bought a scroll of enchant armour for 90 gold pieces
   113 | D        | Noticed Sonja
   117 | D        | Killed Sonja
   117 | D        | Reached skill level 20 in Stealth
   117 | D        | Reached XP level 7. HP: 33/33 MP: 8/8
   117 | D        | Reached XP level 8. HP: 37/37 MP: 9/9
   133 | D        | Noticed a deep troll
   144 | D        | Mangled by a deep troll

Skill      XL: |  1  2  3  4  5  6 |
---------------+-------------------+-----
Short Blades   | 6 10 11 | 11.2
Stealth        | 12 20 | 20.3
Dodging        | 2 |  2.8
Fighting       | |  1.5
Throwing       | |  2.0

Action                   |  1- 3 |  4- 6 |  7- 9 || total
-------------------------+-------+-------+-------++-------
Melee: Dagger            |     2 |     4 |       ||     6
  Use: Scroll            |       |     1 |       ||     1
 Stab: Sleeping          |     2 |     4 |       ||     6
Dodge: Dodged            |       |       |     1 ||     1
